 Dungeon Crawl Stone Soup version 0.17-a0-1481-gfdcec5c (webtiles) character file.

20 patman the Poker (level 2, -2/22 HPs)
             Began as a Mummy Warper on July 4, 2015.
             Was an Initiate of Ru.
             Slain by a giant gecko (3 damage)
             ... on level 3 of the Dungeon.
             The game lasted 00:02:20 (764 turns).

patman the Poker (Mummy Warper)                      Turns: 764, Time: 00:02:20

Health: -2/22      AC:  3    Str: 14    XL:     2   Next: 58%
Magic:  5/5        EV:  8    Int: 12    God:    Ru [......]
Gold:   49         SH:  8    Dex: 11    Spells: 1 memorised, 4 levels left

rFire  x . .     SeeInvis .     a - +0 spear
rCold  + . .     Clarity  .     b - +0 leather armour
rNeg   + + +     SustAt   .     f - +2 shield
rPois  ∞         Gourm    .     (no helmet)
rElec  .         Spirit   .     (no cloak)
rCorr  .         Warding  .     (no gloves)
rMut   .         Stasis   .     (no boots)
MR     .....                    (no amulet)
Stlth  +.........               (no ring)
                                (no ring)

@: not resistant to hostile enchantments, very unstealthy
A: no food or potions, fire vulnerability, cold resistance 1, negative energy
resistance 3, torment resistance, unbreathing
a: Renounce Religion


You were on level 3 of the Dungeon.
You worshipped Ru.
Ru was noncommittal.
You were not hungry.

You visited 1 branch of the dungeon, and saw 4 of its levels.

You collected 49 gold pieces.

Inventory:

Hand weapons
 a - a +0 spear (weapon)
Missiles
 e - 5 tomahawks of dispersal (quivered)
Armour
 b - a +0 leather armour (worn)
 f - a +2 shield (worn)
Scrolls
 g - 2 scrolls of amnesia
 h - a scroll of remove curse
Books
 c - a book of Spatial Translocations

   Spells                             Type                      Level
   a - Apportation                    Translocation                1
   b - Blink                          Translocation                2
   c - Shroud of Golubria             Charms/Translocation         2
   d - Portal Projectile              Translocation                3
   e - Teleport Other                 Translocation                3
   f - Passage of Golubria            Translocation                4


   Skills:
 - Level 2.0 Fighting
 * Level 2.6 Polearms
 - Level 0.7 Throwing
 - Level 0.7 Armour
 - Level 1.5 Dodging
 - Level 2.0 Spellcasting
 - Level 2.4 Translocations


You had 4 spell levels left.
You knew the following spells:

 Your Spells              Type           Power        Failure   Level  Hunger
a - Apportation           Tloc           #.........   90%         1    N/A

Dungeon Overview and Level Annotations

Branches:
Dungeon (4/15)
 Temple: D:4-7

Altars:
Elyvilon
Fedhas
Ru
Sif Muna
Xom
The Shining One

Portals:
Sewer: D:3


Innate Abilities, Weirdness & Mutations

You do not eat or drink.
Your flesh is vulnerable to fire.
You are immune to poison.
Your flesh is cold resistant.
You are immune to negative energy.
You are immune to unholy pain and torment.
You can survive without breathing.


Message History

A giant cockroach comes into view.
The giant cockroach bites you but does no damage.
The giant gecko bites you but does no damage.
A kobold comes into view. It is wielding a whip.
The giant gecko bites you.
* * * LOW HITPOINT WARNING * * *
The giant cockroach bites you but does no damage.
Read which item? (? for menu, Esc to quit)
Okay, then.
Unknown command.
You can't drink.
Unknown command.
Unknown command.
Unknown command.
Unknown command.
An orc comes into view. It is wielding a club.
The kobold shouts!
An adder comes into view.
You hit the kobold but do no damage. The giant gecko bites you.
You die...

........#
.......#
......#
S....# ....#
...# #K.#
#@.####.#
#ls.o...#
#s.###### ..
#..# ...
#l.# ....
##..# ....#
#..(#
....####...#
...........#


You could see an adder, an orc, 2 giant geckos, 2 giant cockroaches and a
kobold.

Vanquished Creatures
  A worm (D:2)
  3 hobgoblins (D:1)
  3 jackals (D:1)
  A quokka (D:4)
  A ball python (D:1)
  3 giant newts
  A goblin (D:1)
  5 rats (D:1)
18 creatures vanquished.

Notes
Turn   | Place    | Note
--------------------------------------------------------------
     0 | D:1      | patman the Mummy Warper began the quest for the Orb.
     0 | D:1      | Reached XP level 1. HP: 16/16 MP: 3/3
   262 | D:1      | Reached XP level 2. HP: 20/22 MP: 5/5
   565 | D:2      | Found a white marble altar of Elyvilon.
   681 | D:2      | You fall through a shaft for 2 floors!
   681 | D:4      | Found a sacrificial altar of Ru.
   681 | D:4      | Found a glowing golden altar of the Shining One.
   681 | D:4      | Found a blossoming altar of Fedhas.
   681 | D:4      | Found a shimmering altar of Xom.
   681 | D:4      | Found a deep blue altar of Sif Muna.
   692 | D:4      | Noticed a phantom
   695 | D:4      | Became a worshipper of Ru the Awakened
   748 | D:3      | Found a blossoming altar of Fedhas.
   750 | D:3      | Found a glowing drain.
   760 | D:3      | HP: 1/22 [giant gecko (3)]
   764 | D:3      | Slain by a giant gecko

Vault maps used:
D:1:      tarquinn_simple_flora_water_a, lemuel_old_faithful
D:2:      elyvilon_altar_3, first_bread, st_stairs_10, hangedman_feature_mirror
D:3:      portal_sewer_entry_f, minmay_misc_feat_chi, roderic_batcave,
          fedhas_altar_2
D:4:      overflow_temple_1_default, grunt_temple_overflow_open, uniq_grinder

Action                   || total
-------------------------++-------
Melee: Spear             ||    85
  Use: Scroll            ||     3
